 Dungeon Crawl Stone Soup version 0.30-a0-462-gd5975efbca (webtiles) character file.

Game seed: 10461247109757164937

3843 tsouns the Gouger (level 9, -1/45 HPs)
             Began as a Felid Monk on Dec 14, 2022.
             Was an Elder of Makhleb.
             Killed by vampiric draining
             ... invoked by a vampire
              (21 damage)
             ... on level 9 of the Dungeon on Dec 16, 2022.
             The game lasted 00:21:40 (8680 turns).

tsouns the Gouger (Felid Monk)                      Turns: 8680, Time: 00:21:41

Health: -1/45      AC:  6    Str:  5    XL:     9   Next: 98%
Magic:  14/14      EV: 27    Int: 16    God:    Makhleb [****..]
Gold:   516        SH:  5    Dex: 19    Spells: 6/8 levels left
                                        Lives:  0   Deaths: 3

rFire   . . .      SeeInvis +      - Unarmed
rCold   . . .      Faith    .    (shield unavailable)
rNeg    . . .      Spirit   .    (body armour unavailable)
rPois   .          Reflect  +    (helmet unavailable)
rElec   .          Harm     .    (cloak unavailable)
rCorr   .          Rampage  .    (gloves unavailable)
Will    ++...                    (boots unavailable)
Stlth   ++++......               o - amulet of reflection
HPRegen 0.27/turn                b - +4 ring of evasion
MPRegen 0.14/turn                w - +4 ring of protection

@: unable to read, quick
A: very small, claws 1, fangs 3, see invisible, speed 1, shaggy fur 2, stealthy
paws, no weapons or thrown items, no armour, multi-lived, strong-willed 1, weak
1, inability to read after injury 1, MP-powered wands
a: Renounce Religion, Minor Destruction, Lesser Servant of Makhleb, Major
Destruction


You were on level 9 of the Dungeon.
You worshipped Makhleb.
Makhleb was greatly pleased with you.
You visited 2 branches of the dungeon, and saw 10 of its levels.
You also visited: Ossuary.

You collected 516 gold pieces.

Inventory:

Jewellery
 b - a +4 ring of evasion (left paw)
 o - an amulet of reflection (around neck)
 p - a +4 ring of evasion
 w - a +4 ring of protection (right paw)
Wands
 f - a wand of digging (6)
Scrolls
 c - 6 scrolls of immolation
 e - 2 scrolls of magic mapping
 j - a scroll of blinking
 k - a scroll of poison
 m - 2 scrolls of teleportation
 n - 2 scrolls of amnesia
 t - 2 scrolls of fear {unknown}
 v - a scroll of vulnerability
Potions
 a - 2 potions of ambrosia
 d - 3 potions of flight
 g - 2 potions of mutation
 h - 2 potions of cancellation
 i - 2 potions of brilliance
 l - 2 potions of curing
 s - 2 potions of lignification {unknown}
 u - a potion of attraction {unknown}


   Skills:
 + Level 8.5 Fighting
 + Level 8.7 Dodging
 + Level 8.8 Stealth
 * Level 11.6 Unarmed Combat
 + Level 6.6 Invocations


You had 6 spell levels left.
You knew the following spells:

 Your Spells              Type           Power      Damage    Failure   Level
a - Ensorcelled Hibernat  Hex/Ice        0%         N/A       36%         2

Your spell library contained the following spells:

 Spells                   Type           Power      Damage    Failure   Level
 Magic Dart               Conj           0%         1d3       26%         1
 Passwall                 Tmut/Erth      0%         N/A       36%         2
 Searing Ray              Conj           0%         2d4       36%         2
 Spider Form              Tmut/Pois      0%         N/A       58%         3
 Swiftness                Air            0%         N/A       58%         3
 Anguish                  Hex/Necr       0%         N/A       94%         4
 Fulminant Prism          Conj/Hex       0%         3d5       94%         4


Dungeon Overview and Level Annotations

Branches:
Dungeon (9/15)             Temple (1/1) D:5         Ossuary (visited)
   Lair: D:8-11         Orc: D:9-12

Altars:
Ashenzari
Cheibriados
Dithmenos
Elyvilon
Fedhas
Gozag
Hepliaklqana
Kikubaaqudgha
Makhleb
Nemelex Xobeh
Okawaru
Qazlal
Ru
Sif Muna
Trog
Uskayaw
Vehumet
Wu Jian
Xom
Yredelemnul
Zin
The Shining One

Shops:
D:1 (

Annotations:
D:9 3 runed translucent doors, PaleRider's ghost, journeyman OgIE


Innate Abilities, Weirdness & Mutations

You have sharp claws.
You have razor-sharp teeth.
You have supernaturally acute eyesight. (SInv)
You cover ground quickly. (Speed+)
You are covered in thick fur. (AC +2)
Your paws help you pounce on unaware monsters.
You are incapable of wielding weapons or throwing items.
You cannot wear armour.
You gain extra lives every three experience levels.
You are strong-willed. (Will+)
You are weak. (Str -2)
You occasionally lose the ability to read scrolls when taking damage.
You expend magic power (3 MP) to strengthen your wands.


Message History

The vampire completely misses you. x2
You barely miss the vampire.
The vampire is lightly damaged.
The vampire gestures wildly while chanting.
The vampire flickers and vanishes for a moment.
You claw the vampire!
The vampire is heavily damaged.
You scratch the vampire but do no damage.
The vampire is heavily damaged.
The vampire closely misses you. The vampire completely misses you.
You scratch the vampire. You claw the vampire, but do no damage.
Your bite misses the vampire.
The vampire is heavily damaged.
The vampire misses you. The vampire barely misses you.
You closely miss the vampire. Your claw misses the vampire.
The vampire is heavily damaged.
The vampire misses you. The vampire completely misses you.
You claw the vampire! Your bite misses the vampire.
The vampire is almost destroyed.
You scratch the vampire but do no damage.
Your claw misses the vampire.
The vampire is almost destroyed.
The vampire draws life force from you!
The vampire is healed by the life force!
You closely miss the vampire.
The vampire is heavily damaged.
The vampire hits you!
You feel threatened and lose the ability to read scrolls!
You block the vampire's attack.
You are too injured to fight recklessly!
You are too injured to fight recklessly!
You scratch the vampire but do no damage.
The vampire is heavily damaged.
The vampire barely misses you. You block the vampire's attack.
You scratch the vampire but do no damage.
The vampire is heavily damaged.
You can read scrolls again.
The vampire draws life force from you!!
You feel threatened and lose the ability to read scrolls!
You die...

########################
........................
#.....@.##.###.#####...
#.....#....V..##.# #.#
#.# #.....#.......##.#
#.# #.#
#.....#.......##.# #.#
#)# #.....#.......##.#
#.# #)#
#.....#.......##.# #.#
#.# #.....#.......##.#
#.# #.#
#.....#..........#
#.#####.#
#.....#..........#
#.......##


You could see a vampire (invisible).

Vanquished Creatures
  A two-headed ogre (D:9)
  A tengu warrior (D:8)
  A tengu conjurer (D:8)
  Grinder (D:5)
  Sigmund (D:2)
  2 wyverns
  12 yaks
  Eustachio (D:4)
  Grum (D:8)
  A water moccasin (D:8)
  A sky beast (D:6)
  An orc warrior (D:9)
  2 ice beasts (D:7)
  2 wolves (D:8)
  3 phantoms
  5 centaurs
  3 ogres
  2 bullfrogs (D:8)
  3 necrophages (D:5)
  3 scorpions
  2 wights
  9 killer bees (D:9)
  2 howler monkeys (D:8)
  3 centaur zombies (Ossuary)
  2 human zombies (Ossuary)
  7 orc priests
  A jelly (D:6)
  2 bullfrog zombies (Ossuary)
  2 gnoll boudas
  A hound (D:4)
  3 iguanas
  Ijyb (D:3)
  7 orc wizards
  2 scorpion zombies (Ossuary)
  An ogre zombie (Ossuary)
  3 adders (D:5)
  12 gnolls
  2 shadow imps
  A white imp (D:7)
  3 ufetubi
  2 adder zombies (Ossuary)
  A worm (D:5)
  3 dart slugs
  44 orcs
  7 ball pythons
  3 bats (D:1)
  3 endoplasms (D:1)
  7 giant cockroaches
  5 goblins
  9 hobgoblins
  6 jackals
  2 quokkas (D:4)
  5 frilled lizards
  A gnoll zombie (Ossuary)
  3 goblin zombies (Ossuary)
  4 hobgoblin zombies (Ossuary)
  11 kobolds
  3 orc zombies (Ossuary)
  2 rats (D:2)
234 creatures vanquished.

Vanquished Creatures (collateral kills)
  A two-headed ogre (D:7)
  An orc warrior (D:7)
  A kobold brigand (D:7)
  An orc priest (D:9)
  An orc (D:7)
5 creatures vanquished.

Vanquished Creatures (others)
  7 demonic plants (D:9)
  8 plants
15 creatures vanquished.

Grand Total: 254 creatures vanquished

Notes
Turn   | Place    | Note
-------+----------+-------------------------------------------
     0 | D:1      | tsouns the Felid Monk began the quest for the Orb.
     0 | D:1      | Reached XP level 1. HP: 10/10 MP: 2/2
    50 | D:1      | Found Ystrowimo's Antique Weapon Emporium.
    61 | D:1      | Reached XP level 2. HP: 14/14 MP: 3/3
   517 | D:1      | Reached XP level 3. HP: 17/17 MP: 4/4
  1053 | D:2      | Noticed Sigmund
  1063 | D:2      | Killed Sigmund
  1064 | D:2      | Reached skill level 5 in Dodging
  1064 | D:2      | Reached skill level 4 in Unarmed Combat
  1064 | D:2      | Reached XP level 4. HP: 12/22 MP: 5/5
  1064 | D:2      | Reached XP level 5. HP: 13/25 MP: 6/6
  1281 | D:2      | Found a snail-covered altar of Cheibriados.
  1622 | D:3      | Noticed Ijyb
  1629 | D:3      | Gained mutation: You are dopey. (Int -2) [potion of
                  | mutation]
  1629 | D:3      | Gained mutation: You possess an exceptional clarity of
                  | mind. [potion of mutation]
  1630 | D:3      | Lost mutation: You are dopey. (Int -2) [potion of mutation]
  1630 | D:3      | Lost mutation: You possess an exceptional clarity of mind.
                  | [potion of mutation]
  1630 | D:3      | Gained mutation: Your mind is acute. (Int +4, Str/Dex -1)
                  | [potion of mutation]
  1630 | D:3      | Gained mutation: You expend magic power (3 MP) to
                  | strengthen your wands. [potion of mutation]
  1630 | D:3      | Gained mutation: You sometimes lose your temper in combat.
                  | [potion of mutation]
  1663 | D:3      | Killed Ijyb
  1897 | D:3      | Noticed an ogre
  1920 | D:3      | Killed an ogre
  1921 | D:3      | Reached skill level 5 in Unarmed Combat
  1921 | D:3      | Gained mutation: You are covered in thick fur. (AC +2)
                  | [Felid growth]
  1921 | D:3      | Reached XP level 6. HP: 23/28 MP: 7/7
  2584 | D:4      | Reached skill level 5 in Stealth
  2759 | D:4      | Noticed Eustachio
  2795 | D:4      | Killed Eustachio
  2796 | D:4      | Reached XP level 7. HP: 10/33 MP: 8/8
  3320 | D:4      | Reached skill level 6 in Unarmed Combat
  3348 | D:4      | Mangled by a gnoll
  3349 | D:4      | Reached XP level 6. HP: -6/30 MP: 7/7
  3532 | D:5      | Entered Level 5 of the Dungeon
  3552 | D:5      | Noticed Grinder
  3567 | D:5      | Killed Grinder
  3568 | D:5      | Reached skill level 5 in Fighting
  3568 | D:5      | Reached XP level 7. HP: 26/33 MP: 8/8
  3664 | D:5      | Found a staircase to the Ecumenical Temple.
  3670 | Temple   | Entered the Ecumenical Temple
  3836 | Temple   | Upgraded the game from 0.30-a0-457-g4b7bca3bfa to
                  | 0.30-a0-458-g86641cc369
  3859 | Temple   | Became a worshipper of Makhleb the Destroyer
  3859 | Temple   | Reached * piety under Makhleb
  3859 | Temple   | Reached ** piety under Makhleb
  4061 | D:5      | Reached skill level 7 in Unarmed Combat
  4061 | D:5      | Reached skill level 1 in Invocations
  4088 | D:5      | Noticed a wyvern
  4139 | D:5      | Killed a wyvern
  4140 | D:5      | Reached XP level 8. HP: 13/37 MP: 8/10
  4572 | D:5      | Slain by an ogre
  4573 | D:5      | Reached XP level 7. HP: 0/34 MP: 9/9
  4886 | D:6      | Reached skill level 8 in Unarmed Combat
  4981 | D:6      | Found a sand-covered staircase.
  5002 | Ossuary  | Entered an ossuary
  5029 | Ossuary  | Reached *** piety under Makhleb
  5080 | Ossuary  | Reached XP level 8. HP: 38/38 MP: 11/11
  5211 | Ossuary  | Noticed a silent spectre
  6069 | D:7      | Noticed a two-headed ogre
  6082 | D:7      | Killed a two-headed ogre
  6083 | D:7      | Reached skill level 9 in Unarmed Combat
  6083 | D:7      | Reached XP level 9. HP: 23/43 MP: 11/13
  6585 | D:7      | Reached **** piety under Makhleb
  6586 | D:7      | Reached skill level 10 in Unarmed Combat
  6586 | D:7      | Reached skill level 5 in Invocations
  6933 | D:8      | Found an ancient bone altar of Kikubaaqudgha.
  7316 | D:8      | Reached XP level 10. HP: 43/48 MP: 15/15
  7331 | D:8      | Noticed a tengu warrior
  7382 | D:8      | Killed a tengu warrior
  7400 | D:8      | Reached skill level 11 in Unarmed Combat
  7728 | D:8      | Noticed Grum
  7742 | D:8      | Killed Grum
  7925 | D:8      | Found a sacrificial altar of Ru.
  8330 | D:9      | Noticed a sun demon
  8330 | D:9      | Noticed a soul eater
  8332 | D:9      | Gained mutation: You have hidden genetic defects. [a
                  | neqoxec]
  8374 | D:9      | Gained mutation: You are weak. (Str -2) [a neqoxec]
  8463 | D:9      | Identified the +1 cloak of Cucvedis {rPois Will+ Regen+}
  8484 | D:9      | Found a runed translucent gate.
  8484 | D:9      | Found a runed translucent gate.
  8484 | D:9      | Found a runed translucent gate.
  8487 | D:9      | Noticed PaleRider's ghost (journeyman OgIE)
  8535 | D:9      | Noticed a two-headed ogre
  8539 | D:9      | Killed a two-headed ogre
  8558 | D:9      | Learned a level 2 spell: Ensorcelled Hibernation
  8558 | D:9      | Upgraded the game from 0.30-a0-458-g86641cc369 to
                  | 0.30-a0-462-gd5975efbca
  8618 | D:9      | Gained mutation: You occasionally lose the ability to read
                  | scrolls when taking damage. [hidden defects]
  8632 | D:9      | Lost mutation: You have hidden genetic defects. [potion of
                  | mutation]
  8632 | D:9      | Lost mutation: You sometimes lose your temper in combat.
                  | [potion of mutation]
  8632 | D:9      | Lost mutation: Your mind is acute. (Int +4, Str/Dex -1)
                  | [potion of mutation]
  8632 | D:9      | Gained mutation: You are strong-willed. (Will+) [potion of
                  | mutation]
  8646 | D:9      | HP: 2/49 [sun demon (15)]
  8651 | D:9      | HP: 1/49 [sun demon (11)]
  8653 | D:9      | Slain by a sun demon
  8654 | D:9      | Reached XP level 9. HP: -2/45 MP: 14/14
  8680 | D:9      | Killed from afar by a vampire

Illustrated notes

Levels and vault maps discovered:
D:1:      shiori_arrival_elements, layout_loops_ring, serial_shops, shop
D:2:      layout_basic, basic_altar, minmay_tripent, uniq_sigmund
D:3:      layout_basic, uniq_ijyb
D:4:      layout_basic, minmay_misc_feat_square, serial_bayou_crossing,
          uniq_eustachio
D:5:      layout_loops_ring, minmay_temple_entry_gardened_gates,
          kennysheep_small_circle, uniq_grinder
D:6:      layout_basic, nicolae_ossuary_entry_monument,
          chequers_serial_rivers_room_a
D:7:      layout_basic
D:8:      layout_basic, mainiacjoe_overflow_alcove_1, old_standard_altar,
          enter_bailey_4, uniq_grum
D:9:      layout_long_grid, erik_orc_4, serial_demonic, serial_demonic_c,
          serial_demonic_f, serial_demonic_c, serial_demonic_g,
          serial_demonic_f, serial_demonic_g, serial_demonic_f,
          gammafunk_ghost_nasty_kobolds
Temple:   nicolae_temple_slightly_damp_pantheon

Skill      XL: |  1  2  3  4  5  6  7  8  9 10 |
---------------+-------------------------------+-----
Stealth        | 3 4 6 7 8 |  8.8
Dodging        | 5 6 7 8 |  8.7
Unarmed Combat | 4 5 8 9 10 11 | 11.6
Fighting       | 4 5 6 7 8 |  8.5
Invocations    | 3 4 5 6 |  6.6

Action                   |  1- 3 |  4- 6 |  7- 9 | 10-12 || total
-------------------------+-------+-------+-------+-------++-------
Melee: Unarmed           |   101 |   122 |   468 |   200 ||   891
       Bite              |     6 |    16 |    69 |    21 ||   112
       Punch             |     2 |     9 |    36 |     9 ||    56
Invok: Minor Destruction |       |       |     9 |    14 ||    23
       Lesser Servant of |       |       |     2 |     2 ||     4
Evoke: Wand              |       |       |     2 |       ||     2
  Use: Scroll            |       |    14 |     5 |     3 ||    22
       Potion            |       |     3 |     2 |     8 ||    13
 Stab: Sleeping          |    12 |     8 |    16 |     1 ||    37
       Distracted        |       |       |     2 |       ||     2
Armor: Skin              |     7 |     6 |    20 |    13 ||    46
Dodge: Dodged            |    65 |    88 |   330 |   225 ||   708
Block: Other             |       |     6 |    78 |    47 ||   131
       Reflection        |       |     1 |       |     2 ||     3

Table legend: (Time is in decaauts)
 A = Elapsed time spent in this place.
 B = Non-inter-level travel time spent in this place.
 C = Inter-level travel time spent in this place.
 D = Time resting spent in this place.
 E = Time spent auto-exploring this place.
 F = Levels seen in this place.
 G = Mean time per level.
                   A        B        C        D        E       F      G
               +--------+--------+--------+--------+--------+-----+--------+
         Total |   7463 |   7292 |    171 |    150 |   5208 |  11 |  678.5 |
       Dungeon |   7078 |   6936 |    142 |    150 |   5028 |   9 |  786.4 |
        Temple |    163 |    135 |     28 |      0 |    116 |   1 |  163.0 |
       Ossuary |    221 |    221 |      0 |      0 |     64 |   1 |  221.0 |
               +--------+--------+--------+--------+--------+-----+--------+

Top non-repeatable levels by time:
     D:8: 1171 daAuts
     D:4: 1010 daAuts
     D:5: 915 daAuts
     D:6: 887 daAuts
     D:3: 729 daAuts
     D:1: 714 daAuts
     D:7: 682 daAuts
     D:2: 574 daAuts
     D:9: 392 daAuts
 Ossuary: 221 daAuts
  Temple: 163 daAuts
